FCL
FCL CHICAGO (A) WHITE SOX @ FCL MEXICO CITY PADRES
05/16/2042
 
TOP OF THE 1ST
FCL Chicago (A) White Sox batting - Pitching for FCL Mexico City Padres : RHP Jesús Valentín
Pitching: RHP Jesús Valentín
Batting: RHB Jesús De Los Ángeles 0-0: Ball
1-0: Ball
2-0: Ball
3-0: Base on Balls
Batting: RHB Derrek Austin 0-0: Ball
1-0: Foul Ball, location: 2F
1-1: Called Strike
1-2: Ball
2-2: Foul Ball, location: 3DF
2-2: Ball
Jesús De Los Ángeles steals 2nd base
3-2: Fly out, F9 (Flyball, 89D, EV 91.3 MPH)
Runner from 2nd tags up, SAFE at 3rd, no throw by RF
Batting: LHB Leonardo Spindola 0-0: 2-RUN HOME RUN (Flyball, 9LD, EV 92.5 MPH), Distance : 331 ft
Batting: RHB José López 0-0: Foul Ball, location: 2F
0-1: Ball
1-1: Ground out 6-3 (Groundball, 6, EV 100.6 MPH)
Batting: LHB Bob Rodríguez 0-0: Ball
1-0: Called Strike
1-1: Ball
2-1: Foul Ball, location: 25F
2-2: Ball
3-2: Base on Balls
Batting: RHB Ken Taramillo 0-0: Called Strike
0-1: Swinging Strike
0-2: Foul Ball, location: 9LMF
0-2: Strikes out swinging
Top of the 1st over - 2 runs, 1 hit, 0 errors, 1 left on base; FCL Chicago (A) 2 - FCL Mexico City 0
BOTTOM OF THE 1ST
FCL Mexico City Padres batting - Pitching for FCL Chicago (A) White Sox : LHP Jorge Hernández
Pitching: LHP Jorge Hernández
Batting: RHB Chris Nichols 0-0: Called Strike
0-1: Called Strike
0-2: Ball
1-2: Foul Ball, location: 2F
1-2: Foul Ball, location: 2F
1-2: Strikes out looking
Batting: RHB Joe Coleman 0-0: Called Strike
0-1: Foul Ball, location: 2RF
0-2: Foul Ball, location: 2F
0-2: Foul Ball, location: 2F
0-2: Strikes out swinging
Batting: RHB Tyrone Thomas 0-0: Called Strike
0-1: Called Strike
0-2: Strikes out looking
Bottom of the 1st over - 0 runs, 0 hits, 0 errors, 0 left on base; FCL Chicago (A) 2 - FCL Mexico City 0
TOP OF THE 2ND
FCL Chicago (A) White Sox batting - Pitching for FCL Mexico City Padres : RHP Jesús Valentín
Batting: LHB Shawn Ross 0-0: Ball
1-0: Ball
2-0: Ball
3-0: Called Strike
3-1: Base on Balls
Batting: RHB Randy Greer 0-0: Ball
1-0: Ball
2-0: Sac Bunt to 15S - play at first, batter OUT! 1-3
Shawn Ross to second
Batting: RHB Bob Nolan 0-0: Ball
1-0: Ball
2-0: Called Strike
2-1: Swinging Strike
2-2: Foul Ball, location: 9LSF
2-2: Foul Ball, location: 2LF
2-2: Foul Ball, location: 9LSF
2-2: Strikes out swinging
Batting: RHB Jesús De Los Ángeles 0-0: Called Strike
0-1: Ball
1-1: Ball
2-1: Foul Ball, location: 2F
2-2: DOUBLE (Line Drive, 89D, EV 104.4 MPH)
Shawn Ross scores
Batting: RHB Derrek Austin 0-0: Called Strike
0-1: Called Strike
0-2: Foul Ball, location: 3DF
0-2: Ball
1-2: Fly out, F8 (Flyball, 78D, EV 103.8 MPH)
Top of the 2nd over - 1 run, 1 hit, 0 errors, 1 left on base; FCL Chicago (A) 3 - FCL Mexico City 0
BOTTOM OF THE 2ND
FCL Mexico City Padres batting - Pitching for FCL Chicago (A) White Sox : LHP Jorge Hernández
Batting: LHB Luis Rodríguez 0-0: Ball
1-0: Swinging Strike
1-1: Ball
2-1: Ball
3-1: Fly out, F8 (Flyball, 8LXD, EV 100.6 MPH)
Batting: SHB Tim McCoy 0-0: Ball
1-0: Ball
2-0: Ball
3-0: Called Strike
3-1: SINGLE (Line Drive, 89S, EV 89.4 MPH)
Batting: RHB Nacho Ramírez 0-0: SINGLE (Line Drive, 89S, EV 90.0 MPH)
Tim McCoy to second
Batting: RHB Jesús Sandoval 0-0: Called Strike
0-1: Called Strike
0-2: Strikes out swinging
Batting: RHB Luis Moreno 0-0: Ball
1-0: Hit by Pitch
Tim McCoy to third
Nacho Ramírez to second
Batting: LHB Jim Unknown 0-0: Ball
1-0: Ball
2-0: Foul Ball, location: 3FF
2-1: Called Strike
2-2: Ball
3-2: Base on Balls
Tim McCoy scores
Nacho Ramírez to third
Luis Moreno to second
Batting: RHB Chris Nichols 0-0: Called Strike
0-1: Ball
1-1: Foul Ball, location: 5F
1-2: Ball
2-2: Strikes out looking
Bottom of the 2nd over - 1 run, 2 hits, 0 errors, 3 left on base; FCL Chicago (A) 3 - FCL Mexico City 1
TOP OF THE 3RD
FCL Chicago (A) White Sox batting - Pitching for FCL Mexico City Padres : RHP Jesús Valentín
Batting: LHB Leonardo Spindola 0-0: Foul Ball, location: 7LDF
0-1: Swinging Strike
0-2: Strikes out swinging, 2-3 out at first.
Batting: RHB José López 0-0: Ball
1-0: Ball
2-0: Ball
3-0: Base on Balls
Batting: LHB Bob Rodríguez 0-0: Foul Ball, location: 7LSF
0-1: Foul Ball, location: 2F
0-2: Ball
1-2: Foul Ball, location: 7LSF
1-2: Foul Ball, location: 5F
1-2: Foul Ball, location: 2F
1-2: Strikes out looking
Pitching: RHP Jim Unknown
Batting: RHB Ken Taramillo 0-0: Called Strike
0-1: Foul Ball, location: 7LSF
0-2: Ball
1-2: Ball
2-2: Foul Ball, location: 3FF
2-2: Foul Ball, location: 2F
2-2: Ball
3-2: Base on Balls
José López to second
Batting: LHB Shawn Ross 0-0: Called Strike
0-1: Ball
1-1: Swinging Strike
1-2: Strikes out looking
Top of the 3rd over - 0 runs, 0 hits, 0 errors, 2 left on base; FCL Chicago (A) 3 - FCL Mexico City 1
BOTTOM OF THE 3RD
FCL Mexico City Padres batting - Pitching for FCL Chicago (A) White Sox : LHP Jorge Hernández
Batting: RHB Joe Coleman 0-0: Ball
1-0: Called Strike
1-1: Called Strike
1-2: Strikes out looking
Batting: RHB Tyrone Thomas 0-0: Called Strike
0-1: Called Strike
0-2: Strikes out swinging
Batting: LHB Luis Rodríguez 0-0: Called Strike
0-1: Called Strike
0-2: Strikes out swinging
Bottom of the 3rd over - 0 runs, 0 hits, 0 errors, 0 left on base; FCL Chicago (A) 3 - FCL Mexico City 1
TOP OF THE 4TH
FCL Chicago (A) White Sox batting - Pitching for FCL Mexico City Padres : RHP Jim Unknown
Batting: RHB Randy Greer 0-0: Called Strike
0-1: Swinging Strike
0-2: SOLO HOME RUN (Flyball, 89XD, EV 98.8 MPH), Distance : 408 ft
Batting: RHB Bob Nolan 0-0: Ball
1-0: Ball
2-0: Fly out, F7 (Line Drive, 78M, EV 105.0 MPH)
Batting: RHB Jesús De Los Ángeles 0-0: Ball
1-0: Ball
2-0: Swinging Strike
2-1: Ball
3-1: Base on Balls
Batting: RHB Derrek Austin 0-0: Called Strike
Jesús De Los Ángeles steals 2nd base
0-1: Foul Ball, location: 2F
0-2: Foul Ball, location: 9LDF
0-2: Strikes out looking
Batting: LHB Leonardo Spindola 0-0: Foul Ball, location: 2F
0-1: Ball
1-1: Called Strike
1-2: Foul Ball, location: 25FF
1-2: Ball
2-2: Foul Ball, location: 2F
2-2: Foul Ball, location: 2F
2-2: Foul Ball, location: 7LSF
2-2: Foul Ball, location: 3SF
2-2: Ball
3-2: Strikes out looking
Top of the 4th over - 1 run, 1 hit, 0 errors, 1 left on base; FCL Chicago (A) 4 - FCL Mexico City 1
BOTTOM OF THE 4TH
FCL Mexico City Padres batting - Pitching for FCL Chicago (A) White Sox : LHP Jorge Hernández
Batting: SHB Tim McCoy 0-0: Ball
1-0: Foul Ball, location: 3SF
1-1: Called Strike
1-2: Strikes out swinging
Batting: RHB Nacho Ramírez 0-0: Foul Ball, location: 9LDF
0-1: Ball
1-1: Foul Ball, location: 2F
1-2: Strikes out swinging
Batting: RHB Jesús Sandoval 0-0: Foul Ball, location: 25F
0-1: Foul Ball, location: 3FF
0-2: Foul Ball, location: 2F
0-2: Ball
1-2: Ball
2-2: Strikes out swinging
Bottom of the 4th over - 0 runs, 0 hits, 0 errors, 0 left on base; FCL Chicago (A) 4 - FCL Mexico City 1
TOP OF THE 5TH
FCL Chicago (A) White Sox batting - Pitching for FCL Mexico City Padres : RHP Jim Unknown
Batting: RHB José López 0-0: Ball
1-0: Foul Ball, location: 5F
1-1: Foul Ball, location: 3F
1-2: DOUBLE (Flyball, 78D, EV 98.8 MPH)
Batting: LHB Bob Rodríguez 0-0: Ball
1-0: Called Strike
1-1: Called Strike
1-2: Strikes out swinging
Batting: RHB Ken Taramillo 0-0: Called Strike
0-1: Ground out 4-3 (Groundball, 4, EV 85.0 MPH)
José López to third
Batting: LHB Shawn Ross 0-0: Ball
1-0: Called Strike
1-1: DOUBLE (Groundball, 3L, EV 101.9 MPH)
José López scores
Batting: RHB Randy Greer 0-0: Ball
1-0: Ball
2-0: Ground out U3 (Groundball, 3L, EV 89.4 MPH)
Top of the 5th over - 1 run, 2 hits, 0 errors, 1 left on base; FCL Chicago (A) 5 - FCL Mexico City 1
BOTTOM OF THE 5TH
FCL Mexico City Padres batting - Pitching for FCL Chicago (A) White Sox : LHP Jorge Hernández
Batting: RHB Luis Moreno 0-0: Foul Ball, location: 3F
0-1: Ball
1-1: Foul Ball, location: 2F
1-2: Foul Ball, location: 2F
1-2: Fly out, F7 (Flyball, 78M, EV 98.1 MPH)
Batting: LHB Jim Unknown 0-0: Called Strike
0-1: DOUBLE (Flyball, 8RXD, EV 105.6 MPH)
Batting: RHB Chris Nichols 0-0: Ball
1-0: Foul Ball, location: 5FF
1-1: Ball
2-1: Foul Ball, location: 23FF
2-2: Fly out, F9 (Flyball, 9, EV 79.4 MPH)
Batting: RHB Joe Coleman 0-0: Ball
1-0: Called Strike
1-1: Swinging Strike
1-2: Strikes out looking
Bottom of the 5th over - 0 runs, 1 hit, 0 errors, 1 left on base; FCL Chicago (A) 5 - FCL Mexico City 1
TOP OF THE 6TH
FCL Chicago (A) White Sox batting - Pitching for FCL Mexico City Padres : RHP Jim Unknown
Pitching: LHP Jim Unknown
Batting: RHB Bob Nolan 0-0: Foul Ball, location: 2F
0-1: Called Strike
0-2: Foul Ball, location: 3F
0-2: Strikes out swinging
Batting: RHB Jesús De Los Ángeles 0-0: Called Strike
0-1: Called Strike
0-2: Strikes out looking
Batting: RHB Derrek Austin 0-0: Ball
1-0: Swinging Strike
1-1: Foul Ball, location: 2F
1-2: Foul Ball, location: 2F
1-2: Foul Ball, location: 9LDF
1-2: TRIPLE (Flyball, 89XD, EV 92.5 MPH)
Batting: LHB Leonardo Spindola 0-0: Foul Ball, location: 7LSF
0-1: Foul Ball, location: 2F
0-2: Ball
1-2: Ball
2-2: Foul Ball, location: 2F
2-2: Foul Ball, location: 2F
2-2: Foul Ball, location: 2LF
2-2: Fly out, F7 (Flyball, 7D, EV 100.0 MPH)
Top of the 6th over - 0 runs, 1 hit, 0 errors, 1 left on base; FCL Chicago (A) 5 - FCL Mexico City 1
BOTTOM OF THE 6TH
FCL Mexico City Padres batting - Pitching for FCL Chicago (A) White Sox : LHP Jorge Hernández
Batting: RHB Tyrone Thomas 0-0: Ball
1-0: Ball
2-0: Ball
3-0: Called Strike
3-1: Ground out 1-3 (Groundball, 15S, EV 63.1 MPH)
Batting: LHB Luis Rodríguez 0-0: Called Strike
0-1: Foul Ball, location: 7LSF
0-2: Ball
1-2: Foul Ball, location: 3SF
1-2: Fly out, F8 (Flyball, 8RD, EV 93.1 MPH)
Batting: SHB Tim McCoy 0-0: Ball
1-0: Hit by Pitch
Pitching: RHP Joe Miller
Batting: RHB Nacho Ramírez 0-0: Called Strike
0-1: Called Strike
0-2: Ball
1-2: Strikes out looking
Bottom of the 6th over - 0 runs, 0 hits, 0 errors, 1 left on base; FCL Chicago (A) 5 - FCL Mexico City 1
TOP OF THE 7TH
FCL Chicago (A) White Sox batting - Pitching for FCL Mexico City Padres : LHP Jim Unknown
Batting: RHB José López 0-0: Foul Ball, location: 9LMF
0-1: Ball
1-1: Foul Ball, location: 9LMF
1-2: Ball
2-2: Ball
3-2: SINGLE (Groundball, 34D, EV 104.4 MPH)
Batting: LHB Bob Rodríguez 0-0: Ball
1-0: Called Strike
1-1: Hit by Pitch
José López to second
Batting: RHB Ken Taramillo 0-0: Swinging Strike
0-1: Fielders Choice at 2nd, 6-4 (Groundball, 6, EV 81.9 MPH)
José López to third
Batting: LHB Shawn Ross 0-0: Ball
1-0: Ball
2-0: Foul Ball, location: 7LDF
2-1: Swinging Strike
2-2: Strikes out looking
Batting: RHB Randy Greer 0-0: Ground out 4-3 (Groundball, 13, EV 83.1 MPH)
Top of the 7th over - 0 runs, 1 hit, 0 errors, 2 left on base; FCL Chicago (A) 5 - FCL Mexico City 1
BOTTOM OF THE 7TH
FCL Mexico City Padres batting - Pitching for FCL Chicago (A) White Sox : RHP Joe Miller
Batting: RHB Jesús Sandoval 0-0: Called Strike
0-1: Swinging Strike
0-2: Ball
1-2: Strikes out swinging
Batting: RHB Luis Moreno 0-0: Ball
1-0: Swinging Strike
1-1: Foul Ball, location: 9LSF
1-2: Foul Ball, location: 2F
1-2: Ball
2-2: Strikes out swinging
Batting: LHB Jim Unknown 0-0: Ball
1-0: Called Strike
1-1: Ground out 3-1 (Groundball, 34, EV 100.6 MPH)
Bottom of the 7th over - 0 runs, 0 hits, 0 errors, 0 left on base; FCL Chicago (A) 5 - FCL Mexico City 1
TOP OF THE 8TH
FCL Chicago (A) White Sox batting - Pitching for FCL Mexico City Padres : LHP Jim Unknown
Batting: RHB Bob Nolan 0-0: Swinging Strike
0-1: Hit by Pitch
Batting: RHB Jesús De Los Ángeles 0-0: Called Strike
0-1: Ball
1-1: Ball
2-1: Foul Ball, location: 2F
2-2: Grounds into double play, 6-4-3 (Groundball, 6, EV 109.4 MPH)
Batting: RHB Derrek Austin 0-0: Ball
1-0: Ball
2-0: Called Strike
2-1: Ball
3-1: Foul Ball, location: 3FF
3-2: Foul Ball, location: 2F
3-2: Foul Ball, location: 2F
3-2: SINGLE (Groundball, 6MS, EV 86.9 MPH)
Pitching: RHP Jim Unknown
Batting: LHB Leonardo Spindola 0-0: Foul Ball, location: 2F
0-1: Swinging Strike
0-2: Ball
1-2: Fly out, F8 (Flyball, 8LM, EV 81.3 MPH)
Top of the 8th over - 0 runs, 1 hit, 0 errors, 1 left on base; FCL Chicago (A) 5 - FCL Mexico City 1
BOTTOM OF THE 8TH
FCL Mexico City Padres batting - Pitching for FCL Chicago (A) White Sox : RHP Joe Miller
Batting: RHB Chris Nichols 0-0: Fly out, F7 (Flyball, 7, EV 86.9 MPH)
Pinch Hitting: LHB Tyrone Evans 0-0: Swinging Strike
0-1: Swinging Strike
0-2: Strikes out looking
Batting: RHB Tyrone Thomas 0-0: Foul Ball, location: 2F
0-1: Ball
1-1: Ball
2-1: Swinging Strike
2-2: Strikes out swinging
Bottom of the 8th over - 0 runs, 0 hits, 0 errors, 0 left on base; FCL Chicago (A) 5 - FCL Mexico City 1
TOP OF THE 9TH
FCL Chicago (A) White Sox batting - Pitching for FCL Mexico City Padres : RHP Jim Unknown
Now in CF: Tyrone Evans
Batting: RHB José López 0-0: Called Strike
0-1: Ball
1-1: Foul Ball, location: 2RF
1-2: Ball
2-2: DOUBLE (Line Drive, 7LS, EV 90.6 MPH)
Batting: LHB Bob Rodríguez 0-0: Called Strike
0-1: Ball
1-1: Ball
2-1: Ball
3-1: Base on Balls
Pinch Hitting: LHB Pepe Maldonado 0-0: Swinging Strike
0-1: Swinging Strike
0-2: Foul Ball, location: 2F
0-2: Ball
1-2: 3-RUN HOME RUN (Flyball, 9D, EV 93.1 MPH), Distance : 364 ft
Batting: LHB Shawn Ross 0-0: Ball
1-0: Ball
2-0: Ball
3-0: Called Strike
3-1: Base on Balls
Pinch Hitting: SHB Joe Christman 0-0: Called Strike
0-1: Ball
1-1: Ball
2-1: Foul Ball, location: 3DF
2-2: Foul Ball, location: 2F
2-2: Ball
3-2: Fielders Choice at 2nd, 5-4 (Groundball, 56, EV 103.8 MPH)
Pinch Hitting: LHB Ben Malone 0-0: Ball
1-0: Swinging Strike
1-1: Ball
2-1: Ball
3-1: Base on Balls
Joe Christman to second
Batting: RHB Jesús De Los Ángeles 0-0: Called Strike
0-1: Ball
1-1: Ball
2-1: Called Strike
2-2: Ball
3-2: Strikes out swinging
Batting: RHB Derrek Austin 0-0: Ball
1-0: Ball
2-0: Ball
3-0: Called Strike
3-1: Called Strike
3-2: Base on Balls
Joe Christman to third
Ben Malone to second
Batting: LHB Leonardo Spindola 0-0: Ball
1-0: Swinging Strike
1-1: Foul Ball, location: 2F
1-2: Ball
2-2: Ball
3-2: GRAND SLAM HOME RUN (Flyball, 7LD, EV 95.0 MPH), Distance : 347 ft
Pitching: LHP Jim Unknown
Pinch Hitting: RHB Ken Fuentes 0-0: Ball
1-0: Foul Ball, location: 2F
1-1: Foul Ball, location: 2F
1-2: Ball
2-2: Ball
3-2: TRIPLE (Flyball, 89XD, EV 103.8 MPH)
Pinch Hitting: RHB Norm Owens 0-0: Ball
1-0: Ball
2-0: Ball
3-0: Base on Balls
Batting: LHB Pepe Maldonado 0-0: Ball
1-0: Foul Ball, location: 2F
1-1: Ball
2-1: Ball
3-1: Base on Balls
Norm Owens to second
Batting: LHB Shawn Ross 0-0: Ball
1-0: Ball
2-0: Called Strike
2-1: Foul Ball, location: 2F
2-2: Strikes out swinging
Top of the 9th over - 7 runs, 4 hits, 0 errors, 3 left on base; FCL Chicago (A) 12 - FCL Mexico City 1
BOTTOM OF THE 9TH
FCL Mexico City Padres batting - Pitching for FCL Chicago (A) White Sox : RHP Joe Miller
Now at 2B: Daniel Martínez
Now at 3B: Ken Fuentes
Now at SS: José Guerra
Now in LF: Norm Owens
Now in RF: Pepe Maldonado
Pinch Hitting: RHB Sanho Franca 0-0: Ball
1-0: Called Strike
1-1: Foul Ball, location: 9LDF
1-2: Foul Ball, location: 2F
1-2: Foul Ball, location: 5DF
1-2: Strikes out swinging, 2-3 out at first.
Pinch Hitting: RHB Jim Unknown 0-0: Ball
1-0: Ball
2-0: Foul Ball, location: 2LF
2-1: Ball
3-1: Foul Ball, location: 2F
3-2: Base on Balls
Batting: RHB Nacho Ramírez 0-0: Called Strike
0-1: Ball
1-1: Grounds into double play, 4-6-3 (Groundball, 4M, EV 86.3 MPH)
Bottom of the 9th over - 0 runs, 0 hits, 0 errors, 0 left on base; FCL Chicago (A) 12 - FCL Mexico City 1
Friday, May 3rd , 2024 - OOTP Baseball 24.10 Build 82